 Dungeon Crawl Stone Soup version 0.32-a0-131-g9dbbe29261 (webtiles) character file.

Game seed: 9031016038284317268

2792 Newt the Fighter (level 9, 0/67 HPs)
             Began as a Merfolk Gladiator on Feb 8, 2024.
             Was a Follower of Hepliaklqana.
             Slain by an orc warrior
             ... wielding a +0 long sword
              (12 damage)
             ... on level 6 of the Dungeon.
             The game lasted 00:07:21 (5734 turns).

Newt the Fighter (Merfolk Gladiator)                Turns: 5734, Time: 00:07:22

Health: 0/67       AC:  6    Str: 24    XL:     9   Next: 71%
Magic:  9/9        EV: 16    Int: 10    God:    Hepliaklqana [*.....]
Gold:   377        SH:  8    Dex: 16    Spells: 8/8 levels left

rFire   . . .        a - +1 trident
rCold   . . .        v - +2 buckler {rC+}
rNeg    . . .        b - +0 leather armour
rPois   .            c - +0 helmet
rElec   .            n - +0 cloak
rCorr   .            (no gloves)
SInv    .            w - +0 pair of boots
Will    .....        (no amulet)
Stlth   +            f - ring of Resiug Sapn {rC- Str+6 Int+3 Slay+5}
HPRegen 0.31/turn    (no ring)
MPRegen 0.11/turn

%: no passive effects
@: no status effects
A: reduced essence, (nimble swimmer 2), mertail
a: Renounce Religion, Recall Ancestor, Ancestor Identity


You were on level 6 of the Dungeon.
You worshipped Hepliaklqana.
Hepliaklqana was aware of your devotion.
You visited 2 branches of the dungeon, and saw 8 of its levels.

You collected 377 gold pieces.

Inventory:

Hand Weapons
 a - a +1 trident (weapon)
Missiles
 d - 3 throwing nets (quivered)
 e - a javelin
 o - 6 curare-tipped darts
 p - 16 poisoned darts
Armour
 b - a +0 leather armour (worn)
 c - a +0 helmet (worn)
 n - a +0 cloak (worn)
 v - a +2 buckler of cold resistance (worn)
 w - a +0 pair of boots (worn)
Jewellery
 f - the ring of Resiug Sapn (left hand) {rC- Str+6 Int+3 Slay+5}
   (You found it on level 5 of the Dungeon)

   [ring of strength]

   Str+6:     It affects your strength (+6).
   Int+3:     It affects your intelligence (+3).
   Slay+5:    It affects your accuracy & damage with ranged weapons and melee
   (+5).
   rC-:       It makes you vulnerable to cold.
 r - a ring of fire
Scrolls
 h - 2 scrolls of enchant weapon
 i - a scroll of amnesia
 j - a scroll of poison
 k - 2 scrolls of blinking
 m - a scroll of vulnerability
 s - a scroll of torment
 u - a scroll of revelation
 x - 2 scrolls of teleportation
 y - a scroll of identify
 A - a scroll of noise {unknown}
 B - a scroll of enchant armour {unknown}
 D - a scroll of fog {unknown}
Potions
 g - a potion of resistance {unknown}
 l - 2 potions of cancellation
 q - a potion of enlightenment
 t - 4 potions of curing {unknown}
 z - a potion of degeneration {unknown}
 C - a potion of berserk rage {unknown}


   Skills:
 + Level 8.6 Fighting
 - Level 7.0 Polearms
 - Level 2.0 Throwing
 - Level 8.4 Dodging
 * Level 7.8 Shields


You had 8 spell levels left.
You didn't know any spells.
Your spell library contained the following spells:

 Spells                   Type           Power      Damage    Failure   Level
 Magic Dart               Conj           0%         1d3       45%         1
 Blink                    Tloc           0%         N/A       58%         2
 Call Imp                 Summ           0%         N/A       58%         2
 Lesser Beckoning         Tloc           0%         N/A       58%         2
 Gell's Gravitas          Tloc           0%         N/A       83%         3
 Inner Flame              Hex/Fire       0%         N/A       83%         3
 Stone Arrow              Conj/Erth      0%         3d7       83%         3
 Teleport Other           Tloc           0%         N/A       83%         3
 Tukima's Dance           Hex            0%         N/A       83%         3
 Dimensional Bullseye     Hex/Tloc       0%         N/A       99%         4
 Iskenderun's Mystic Bla  Conj/Tloc      0%         2d3       99%         4
 Irradiate                Conj/Alch      0%         3d11      100%        5
 Dispersal                Tloc           0%         N/A       100%        6
 Haunt                    Necr/Summ      0%         N/A       100%        7
 Malign Gateway           Summ/Tloc      0%         N/A       100%        7
 Ignition                 Fire           0%         3d3       100%        8


Dungeon Overview and Level Annotations

Branches:
Dungeon (7/15)             Temple (1/1) D:4

Altars:
Cheibriados
Elyvilon
Fedhas
Gozag
Hepliaklqana
Kikubaaqudgha
Makhleb
Nemelex Xobeh
Qazlal
Ru
Uskayaw
Wu Jian
Xom
Zin
The Shining One


Innate Abilities, Weirdness & Mutations

Your life essence is reduced to manifest your ancestor. (-10% HP)
((You are very nimble when in or above water. (Stealth+, EV+, Speed+++)))
Your lower body shifts to a powerful aquatic tail in water.


Message History

You kill the bullfrog!
The orc warrior hits you but does no damage.
Unknown command.
You hit the orc warrior but do no damage.
The orc warrior barely misses you.
You hit the orc warrior.
The orc warrior is lightly wounded.
You block the orc warrior's attack.
You hit the orc warrior but do no damage.
The orc warrior is lightly wounded.
You hit the orc warrior.
The orc warrior is moderately wounded.
The orc warrior closely misses you.
You hit the orc warrior.
The orc warrior is heavily wounded.
The orc warrior closely misses you.
You hit the orc warrior.
The orc warrior is heavily wounded.
The orc warrior misses you.
You closely miss the orc warrior.
The orc warrior is heavily wounded.
The orc warrior barely misses you.
You hit the orc warrior but do no damage.
The orc warrior is heavily wounded.
You block the orc warrior's attack.
You hit the orc warrior.
The orc warrior is severely wounded.
You block the orc warrior's attack.
You hit the orc warrior but do no damage.
The orc warrior is severely wounded.
The orc warrior misses you.
You barely miss the orc warrior.
The orc warrior is severely wounded.
The orc warrior hits you with a +0 long sword!
* * * LOW HITPOINT WARNING * * *
You hit the orc warrior but do no damage.
The orc warrior is severely wounded.
The orc warrior hits you with a +0 long sword!
You die...
Hepliaklqana delivers you to your ancestors.

#........#..######....#......
#...........#PP.##.....#.....
#...........#P_PPP..####.....
#...........#........P####...
#...........####PP.....P.#...
#..............###...P._P#...
#...................##PP.#...
#..(##..#######..#...#####...
######..####@##..#######...>.
#......†o...............
#..................÷....
#.......(......÷........
#..............).....<..
##...####...####.####...
###'#####...####.#######
#.............#.....#
#.............#.....#


You could see an orc warrior.

Vanquished Creatures
  A kobold demonologist (D:7)
  A troll (D:7)
  A slime creature (D:7)
  Sigmund (D:2)
  A water moccasin (D:6)
  An orc warrior (D:6)
  An ice beast (D:7)
  A centaur (D:6)
  An ogre (D:5)
  A phantom (D:5)
  A kobold brigand (D:7)
  3 bullfrogs
  3 scorpions
  3 wights (D:7)
  2 orc priests
  A gnoll bouda (D:6)
  2 hounds
  A jelly (D:4)
  An iguana (D:5)
  A sleepcap (D:5)
  Natasha (thrice) (D:3)
  3 orc wizards
  7 gnolls
  5 adders
  A shadow imp (D:5)
  A white imp (D:6)
  4 ufetubi
  2 ribbon worms
  8 orcs
  8 ball pythons
  3 bats (D:3)
  7 endoplasms
  6 giant cockroaches
  2 goblins
  5 hobgoblins
  7 jackals
  4 quokkas
  A frilled lizard (D:3)
  9 kobolds
  3 rats
117 creatures vanquished.

Vanquished Creatures (collateral kills)
  A black bear (D:5)
  An ogre (D:6)
  An iguana (D:6)
  An orc wizard (D:7)
  2 gnolls (D:6)
  An adder (D:6)
  A white imp (D:6)
8 creatures vanquished.

Vanquished Creatures (others)
  3 ancestors
3 creatures vanquished.

Grand Total: 128 creatures vanquished

Notes
Turn   | Place    | Note
-------+----------+-------------------------------------------
     0 | D:1      | Newt the Merfolk Gladiator began the quest for the Orb.
     0 | D:1      | Reached XP level 1. HP: 16/16 MP: 1/1
   155 | D:1      | Reached XP level 2. HP: 20/23 MP: 2/2
   208 | D:1      | Found a faded altar of an unknown god.
   500 | D:2      | Reached skill level 5 in Polearms
   502 | D:2      | Reached XP level 3. HP: 28/28 MP: 3/3
   660 | D:2      | Noticed Sigmund
   675 | D:2      | Killed Sigmund
   676 | D:2      | Reached XP level 4. HP: 11/37 MP: 4/4
   676 | D:2      | Reached XP level 5. HP: 13/42 MP: 5/5
   932 | D:2      | Found a snail-covered altar of Cheibriados.
  1396 | D:3      | Found a glowing silver altar of Zin.
  1493 | D:3      | Noticed Natasha
  1500 | D:3      | Killed Natasha
  1501 | D:3      | Reached XP level 6. HP: 38/48 MP: 6/6
  1843 | D:3      | Noticed Natasha
  1896 | D:3      | Killed Natasha
  1897 | D:3      | Reached skill level 5 in Dodging
  2019 | D:3      | Noticed Natasha
  2024 | D:3      | Killed Natasha
  2305 | D:4      | Found a staircase to the Ecumenical Temple.
  2327 | Temple   | Entered the Ecumenical Temple
  2347 | Temple   | Became a worshipper of Hepliaklqana the Forgotten
  2392 | D:4      | Got the Volume of Detritus and Company
  2668 | D:4      | Reached XP level 7. HP: 37/55 MP: 7/7
  3020 | D:5      | Entered Level 5 of the Dungeon
  3060 | D:5      | Reached skill level 5 in Fighting
  3465 | D:5      | Identified the ring of Resiug Sapn {rC- Str+6 Int+3 Slay+5}
  3718 | D:5      | Reached * piety under Hepliaklqana
  3757 | D:5      | Reached XP level 8. HP: 55/57 MP: 8/8
  3786 | D:5      | Reached skill level 1 in Shields
  4850 | D:6      | Found an ancient bone altar of Kikubaaqudgha.
  4853 | D:6      | Found a blossoming altar of Fedhas.
  5083 | D:6      | Reached skill level 5 in Shields
  5284 | D:7      | Reached XP level 9. HP: 59/64 MP: 9/9
  5566 | D:7      | Noticed a kobold demonologist
  5645 | D:7      | Noticed a troll
  5653 | D:7      | Killed a troll
  5658 | D:7      | Noticed a red devil
  5659 | D:7      | Killed a kobold demonologist
  5734 | D:6      | Slain by an orc warrior

Illustrated notes

Levels and vault maps discovered:
D:1:      psy_arrival_dodecagon, layout_rooms,
          hellmonk_ecumenical_altar_arch_garden
D:2:      layout_loops_cross, basic_altar, solitary_fountain, uniq_sigmund
D:3:      layout_loops_ring, lemuel_tele_altar, uniq_natasha
D:4:      layout_cave_pools, temple_pool_b, kennysheep_doodads
D:5:      layout_basic
D:6:      hellmonk_crumbling_castle, layout_gridville,
          grunt_temple_overflow_growth_and_decay, minmay_door_square
D:7:      minmay_chambers_of_sixes, layout_gridville,
          hellmonk_sif_muna_bookshelves, kennysheep_generic_room_9, uniq_joseph
Temple:   nicolae_temple_bog_church

Skill      XL: |  1  2  3  4  5  6  7  8  9 |
---------------+----------------------------+-----
Polearms       | 5 7 |  7.0
Fighting       | 4 5 7 8 |  8.6
Dodging        | 6 8 |  8.4
Shields        | 5 7 |  7.8
Throwing       | |  2.0

Action                     |  1- 3 |  4- 6 |  7- 9 || total
---------------------------+-------+-------+-------++-------
  Melee: Trident           |    59 |   126 |   292 ||   477
         Punch             |     1 |     1 |       ||     2
  Throw: Throwing net      |     2 |       |     1 ||     3
 Invoke: Recall Ancestor   |       |       |     1 ||     1
    Use: Scroll            |     1 |     5 |     4 ||    10
         Potion            |       |       |     2 ||     2
   Stab: Sleeping          |       |     2 |     2 ||     4
         Distracted        |       |       |     1 ||     1
 Armour: Leather armour    |    23 |    41 |   107 ||   171
  Dodge: Dodged            |    41 |    58 |   186 ||   285
  Block: Buckler           |       |    13 |    98 ||   111

Table legend: (Time is in decaauts)
 A = Elapsed time spent in this place.
 B = Non-inter-level travel time spent in this place.
 C = Inter-level travel time spent in this place.
 D = Time resting spent in this place.
 E = Time spent auto-exploring this place.
 F = Levels seen in this place.
 G = Mean time per level.
                   A        B        C        D        E       F      G
               +--------+--------+--------+--------+--------+-----+--------+
         Total |   5720 |   5513 |    207 |   1500 |   3030 |   8 |  715.0 |
       Dungeon |   5682 |   5512 |    170 |   1500 |   3030 |   7 |  811.7 |
        Temple |     38 |      1 |     37 |      0 |      0 |   1 |   38.0 |
               +--------+--------+--------+--------+--------+-----+--------+

Top non-repeatable levels by time:
     D:6: 1181 daAuts
     D:5: 1083 daAuts
     D:3: 973 daAuts
     D:2: 770 daAuts
     D:4: 737 daAuts
     D:1: 493 daAuts
     D:7: 443 daAuts
  Temple: 38 daAuts
